Map: Blackburn LE

Players

Trap - Winner!

  • Race: Protoss Protoss

PartinG

  • Race: Protoss Protoss

Event: DreamHack SC2 Masters 2021 Fall

VOD

Have the link to the VOD?

Description

Time

  • Played on: Sept. 12, 2021, 10:20 a.m.
  • Length: 9:37

All games in this series

Show
View Real Time Build Order
Export as new Build Order

Trap Protoss - Winner!

Build Orders: Blink Stalkers 

Get SALT Encoding   

  12  0:00  Probe  
  13  0:12  Probe  
  14  0:19  Pylon  
  14  0:24  Probe  
  15  0:38  Gateway, Probe (Chrono Boost)  
  16  0:46  Probe (Chrono Boost)  
  16  0:48  Assimilator  
  17  0:52  Probe  
  18  1:00  Assimilator  
  18  1:04  Probe  
  19  1:12  Pylon  
  19  1:16  Probe  
  20  1:25  Cybernetics Core  
  20  1:28  Probe  
  20  1:30  Zealot  
  23  1:40  Probe  
  24  1:53  Probe  
  25  2:00  Stalker (Chrono Boost)  
  25  2:03  Warp Gate  
  25  2:05  Probe  
  28  2:15  Pylon  
  28  2:19  Pylon  
  28  2:20  Stalker (Chrono Boost)  
  28  2:28  Probe  
  31  2:41  Probe  
  31  2:43  Sentry  
  34  2:48  Twilight Council  
  34  2:54  Probe  
  35  3:01  Gateway  
  35  3:02  Shield Battery  
  35  3:06  Robotics Facility  
  34  3:14  Gateway  
  36  3:24  Blink (Chrono Boost)  
  34  3:30  Pylon  
  34  3:56  Stalker x2  
  34  4:00  Immortal (Chrono Boost)  
  42  4:06  Shield Battery  
  42  4:13  Stalker  
  44  4:21  Pylon  
  43  4:37  Immortal (Chrono Boost)  
  47  4:50  Stalker  
  47  4:57  Stalker  
  49  5:04  Pylon  
  49  5:08  Stalker  
  49  5:13  Observer  
  50  5:24  Stalker, Zealot  
  52  5:39  Immortal  
  55  5:47  Observer  
  55  5:48  Stalker  
  57  5:56  Stalker  
  59  6:01  Pylon  
  59  6:28  Zealot x2  
  59  6:34  Cybernetics Core  
  59  6:38  Immortal  
  63  7:10  Nexus  
  63  7:14  Sentry x2  
  67  7:18  Stalker  
  67  7:36  Pylon  
  67  7:42  Pylon  
  63  7:54  Stalker x2  
  65  8:06  Stalker  
  63  8:26  Stalker x2  
  67  8:40  Stalker  
  63  8:49  Stalker x2  
  67  9:06  Stalker x2  
  71  9:15  Stalker  
Show
View Real Time Build Order
Export as new Build Order

PartinG Protoss 

Build Orders: Blink Stalkers 

Get SALT Encoding   

  12  0:00  Probe  
  13  0:12  Probe  
  14  0:17  Pylon  
  14  0:24  Probe (Chrono Boost)  
  15  0:36  Probe (Chrono Boost)  
  15  0:38  Gateway  
  16  0:45  Probe (Chrono Boost)  
  16  0:47  Assimilator  
  17  0:51  Probe  
  17  0:56  Assimilator  
  18  1:03  Probe (Chrono Boost)  
  19  1:06  Pylon  
  20  1:12  Probe (Chrono Boost)  
  20  1:17  Probe (Chrono Boost)  
  21  1:27  Cybernetics Core  
  21  1:29  Probe  
  22  1:33  Zealot  
  24  1:41  Probe  
  24  1:45  Pylon  
  25  1:55  Probe  
  26  2:05  Stalker  
  26  2:07  Cybernetics Core  
  28  2:10  Warp Gate  
  28  2:28  Twilight Council  
  28  2:35  Stalker  
  30  2:41  Pylon  
  30  2:47  Gateway  
  30  2:59  Blink (Chrono Boost)  
  30  3:01  Robotics Facility  
  32  3:12  Shield Battery  
  30  3:18  Stalker  
  32  3:30  Gateway  
  32  3:47  Warp Prism  
  34  3:49  Pylon  
  34  4:00  Stalker  
  36  4:06  Stalker  
  38  4:24  Stalker x2  
  38  4:29  Pylon  
  42  4:38  Stalker  
  44  4:58  Stalker x2  
  46  5:02  Stalker  
  46  5:06  Shield Battery  
  48  5:28  Stalker  
  50  5:34  Observer  
  49  5:35  Stalker x2  
  53  5:51  Stalker  
  55  5:58  Pylon  
  55  6:01  Pylon  
  55  6:04  Pylon, Observer  
  55  6:14  Observer  
  55  6:20  Stalker x3  
  55  6:25  Observer  
  55  6:34  Observer, Warp Prism  
  56  6:50  Stalker  
  56  6:53  Stalker  
  60  6:59  Stalker  
  62  7:17  Pylon  
  60  7:32  Stalker x2  
  62  7:53  Nexus  
  61  8:12  Shield Battery  
  61  8:22  Stalker  
  63  8:32  Pylon  
  55  8:43  Stalker  
  55  8:45  Stalker  
  55  9:09  Stalker x3  

Tags
 
Add a new tag
Caveats
  • Supply blocks, unpowered buildings, or Contaminate may cause inaccurate times.
  • Supply counts are checked every 10 seconds.